Map: Coda LE (Void)

Players

AgCl

  • Race: Protoss Protoss

comethead - Winner!

  • Race: Terran Terran

VOD

Have the link to the VOD?

Description

Time

  • Played on: May 4, 2015, 9 p.m.
  • Length: 13:18
Show
View Real Time Build Order
Export as new Build Order

AgCl Protoss 

Build Orders:  

Get SALT Encoding   

  12  0:02  Probe  
  13  0:23  Pylon  
  13  0:27  Probe  
  14  0:41  Probe  
  15  0:51  Assimilator  
  15  0:53  Gateway  
  15  1:00  Probe  
  16  1:13  Probe  
  17  1:25  Probe (Chrono Boost)  
  18  1:29  Assimilator  
  18  1:37  Probe (Chrono Boost)  
  19  1:42  Zealot (Chrono Boost)  
  19  1:44  Probe (Chrono Boost)  
  22  1:56  Probe  
  22  1:57  Pylon  
  23  2:15  Probe (Chrono Boost)  
  23  2:16  Nexus  
  23  2:24  Probe (Chrono Boost)  
  24  2:32  Probe  
  25  2:40  Cybernetics Core  
  25  2:44  Probe  
  26  2:52  Forge  
  26  2:57  Probe (Chrono Boost)  
  25  3:08  Probe (Chrono Boost)  
  26  3:15  Probe (Chrono Boost)  
  26  3:18  Warp Gate  
  26  3:19  Pylon  
  27  3:24  Stargate  
  29  3:29  Mothership Core (Chrono Boost)  
  29  3:34  Photon Cannon  
  29  3:40  Photon Cannon  
  29  3:42  Probe (Chrono Boost)  
  31  3:51  Probe x2 (Chrono Boost)  
  32  3:59  Probe (Chrono Boost)  
  32  4:00  Probe (Chrono Boost)  
  34  4:06  Assimilator  
  34  4:09  Probe (Chrono Boost)  
  36  4:10  Probe (Chrono Boost), Assimilator  
  36  4:15  Oracle (Chrono Boost)  
  39  4:18  Probe (Chrono Boost)  
  41  4:24  Probe (Chrono Boost)  
  41  4:28  Probe (Chrono Boost)  
  39  4:32  Probe (Chrono Boost)  
  39  4:35  Probe  
  37  4:43  Probe (Chrono Boost)  
  37  4:44  Phoenix (Chrono Boost)  
  40  4:50  Probe (Chrono Boost)  
  41  4:55  Probe (Chrono Boost)  
  43  5:03  Probe (Chrono Boost)  
  43  5:04  Probe (Chrono Boost)  
  44  5:11  Probe (Chrono Boost)  
  44  5:14  Probe (Chrono Boost)  
  44  5:23  Probe (Chrono Boost)  
  46  5:30  Probe (Chrono Boost), Photon Cannon  
  46  5:32  Probe (Chrono Boost)  
  47  5:36  Probe  
  47  5:46  Probe  
  45  5:51  Probe  
  45  5:56  Void Ray  
  50  5:58  Probe (Chrono Boost)  
  52  6:11  Protoss Ground Weapons Level 1 (Chrono Boost)  
  52  6:14  Probe (Chrono Boost)  
  52  6:18  Pylon  
  52  6:22  Fleet Beacon  
  52  6:24  Pylon  
  52  6:36  Probe (Chrono Boost)  
  52  6:37  Probe (Chrono Boost)  
  54  6:47  Carrier (Chrono Boost)  
  54  6:48  Probe (Chrono Boost)  
  54  6:53  Twilight Council, Gateway  
  56  6:54  Probe (Chrono Boost)  
  56  6:57  Probe (Chrono Boost)  
  56  6:58  Pylon  
  57  7:04  Graviton Catapult  
  57  7:05  Probe (Chrono Boost)  
  59  7:12  Probe (Chrono Boost)  
  65  7:21  Probe  
  66  7:24  Protoss Air Weapons Level 1 (Chrono Boost)  
  66  7:31  Gateway  
  66  7:33  Gateway  
  66  7:35  Gateway, Charge (Chrono Boost)  
  66  7:36  Pylon  
  66  7:40  Probe  
  67  7:44  Carrier (Chrono Boost)  
  67  7:45  Probe  
  67  7:51  Protoss Ground Weapons Level 2 (Chrono Boost)  
  68  8:03  Gateway  
  68  8:10  Pylon  
  68  8:11  Gateway  
  74  8:14  Zealot x2  
  73  8:34  Probe  
  73  8:36  Photon Cannon  
  73  8:44  Carrier (Chrono Boost)  
  73  8:46  Probe  
  74  9:02  Gateway x2  
  80  9:19  Nexus  
  80  9:21  Pylon  
  80  9:23  Templar Archives  
  80  9:27  Pylon  
  80  9:28  Gateway  
  80  9:29  Gateway, Pylon  
  80  9:44  Probe  
  80  9:45  Psionic Storm  
  73  9:48  Assimilator  
  73  9:49  Protoss Air Weapons Level 2  
  73  9:51  Zealot x3  
  73  9:52  Zealot x3  
  74  10:07  Phoenix  
  76  10:43  Assimilator  
  76  10:46  Probe x2 (Chrono Boost)  
  76  10:48  Probe (Chrono Boost)  
  77  11:01  Photon Cannon  
  74  11:07  Pylon  
  74  11:13  Zealot  
  74  11:14  Zealot x2  
  74  11:15  Stalker  
  71  11:27  Zealot x2  
  71  11:28  Zealot x3  
  49  11:40  Probe (Chrono Boost)  
  49  11:44  Probe (Chrono Boost)  
  42  11:56  Phoenix (Chrono Boost)  
  42  12:00  High Templar x4  
  52  12:25  Photon Cannon  
  48  12:50  Robotics Facility  
  39  13:03  High Templar  
Show
View Real Time Build Order
Export as new Build Order

comethead Terran - Winner!

Build Orders: 1/1/1, MMM Bio 

Get SALT Encoding   

  12  0:01  SCV  
  13  0:13  SCV  
  14  0:19  Supply Depot  
  14  0:25  SCV  
  15  0:40  SCV  
  16  0:43  Barracks  
  16  0:47  Refinery  
  16  0:53  SCV  
  16  0:55  Refinery  
  17  1:05  SCV  
  18  1:17  SCV  
  19  1:29  Marine, Orbital Command  
  20  1:41  Factory  
  20  1:47  Marine  
  20  1:50  Supply Depot  
  21  1:55  SCV  
  22  2:07  Barracks Reactor  
  22  2:08  SCV  
  23  2:20  SCV  
  24  2:26  Widow Mine  
  24  2:28  Starport  
  26  2:32  SCV  
  26  2:43  Marine x2  
  29  2:44  SCV  
  29  2:54  Widow Mine  
  31  3:06  Supply Depot  
  31  3:08  Marine x2  
  31  3:09  SCV  
  34  3:13  Medivac  
  34  3:19  Command Center  
  36  3:23  Widow Mine  
  38  3:27  Marine  
  38  3:30  Marine  
  40  3:39  Barracks  
  40  3:47  Medivac  
  42  3:49  Marine  
  42  3:52  Marine  
  42  3:55  Factory Tech Lab  
  44  4:04  Bunker  
  44  4:08  SCV  
  45  4:14  Engineering Bay  
  45  4:20  SCV  
  46  4:25  Marine  
  46  4:27  Marine  
  45  4:32  SCV  
  45  4:44  SCV  
  45  4:45  Barracks  
  46  4:50  Orbital Command  
  46  4:55  Stimpack  
  46  4:56  Factory Reactor  
  46  5:01  SCV  
  46  5:05  Marine x2  
  47  5:08  Marauder  
  47  5:13  SCV  
  39  5:30  Marine  
  39  5:31  Marine  
  39  5:36  Orbital Command  
  39  5:37  Missile Turret  
  39  5:38  Marine  
  39  5:39  Marine  
  35  5:50  Marine  
  36  6:01  Widow Mine  
  36  6:08  SCV  
  36  6:10  SCV  
  38  6:16  Marine x2  
  40  6:22  Missile Turret  
  40  6:23  Terran Infantry Weapons Level 1, SCV  
  41  6:26  SCV  
  42  6:33  Widow Mine  
  42  6:36  SCV  
  42  6:38  SCV  
  46  6:43  Barracks Tech Lab  
  46  6:44  Marauder  
  48  6:48  SCV  
  48  6:50  SCV  
  48  6:52  Medivac  
  52  6:55  Marine x2  
  52  6:56  Combat Shields  
  52  7:00  SCV  
  55  7:03  SCV  
  55  7:07  Marauder  
  55  7:08  Concussive Shells, Widow Mine  
  60  7:13  Supply Depot x2  
  62  7:16  Widow Mine  
  62  7:22  Supply Depot  
  62  7:26  Command Center  
  62  7:34  SCV x2, Marine x2  
  62  7:35  Marauder x2  
  70  7:40  Barracks  
  70  7:45  Barracks  
  70  7:58  Marauder x2, Medivac  
  76  8:00  Medivac  
  76  8:01  Factory Reactor  
  76  8:04  SCV  
  76  8:05  Refinery x2  
  79  8:07  SCV  
  80  8:24  Marauder x2, Marine x2  
  84  8:32  Marine x2  
  82  8:36  Medivac x2  
  84  8:41  Marine, Orbital Command  
  84  8:42  Marine  
  82  8:51  Supply Depot  
  82  8:58  Terran Infantry Armor Level 1  
  82  9:00  SCV  
  82  9:01  Armory  
  83  9:03  SCV, Engineering Bay  
  76  9:17  Missile Turret  
  76  9:35  Marauder x2, Marine x2  
  76  9:37  Marine x2  
  84  9:42  Widow Mine x2  
  84  9:43  Medivac x2  
  92  9:50  Supply Depot  
  92  9:51  SCV x2  
  94  9:53  Marine x2, Orbital Command  
  94  9:57  Marauder x2  
  90  10:09  Marine  
  90  10:11  Marine x2  
  90  10:12  SCV x2, Barracks  
  96  10:18  Marauder x2  
  96  10:20  Widow Mine  
  102  10:21  Widow Mine  
  99  10:28  Barracks Tech Lab  
  99  10:30  Viking x2  
  99  10:32  Marine x2  
  99  10:34  Barracks  
  103  10:38  SCV x2  
  103  10:39  SCV, Marine  
  107  10:48  Marauder x2  
  111  10:50  SCV x2  
  111  10:53  SCV, Supply Depot  
  111  10:56  Barracks Reactor  
  114  11:03  SCV  
  105  11:17  Marauder, Marine x2  
  105  11:18  Marauder x2  
  114  11:20  Barracks Reactor  
  109  11:34  Widow Mine x2, Marine x2  
  109  11:35  Viking, Marine x2  
  109  11:36  Viking  
  109  11:38  Marine x2  
  109  11:39  Marauder  
  125  11:43  Supply Depot  
  125  11:52  Marine x2  
  121  11:55  Marine x2  
  121  11:57  Marauder  
  125  12:04  Supply Depot  
  125  12:05  SCV, Marauder, Supply Depot  
  128  12:28  Barracks  
  128  12:29  Barracks  
  128  12:30  Barracks  
  128  12:33  Refinery  
  128  12:41  Supply Depot  
  128  12:57  Marine, Marauder x3  
  128  12:58  Marine x3  
  133  12:59  Marine x2  
Tags
 
Composition
MMM Bio
Matchup
PvT
Opening
1/1/1
Add a new tag
Caveats
  • Supply blocks, unpowered buildings, or Contaminate may cause inaccurate times.
  • Supply counts are checked every 10 seconds.